 Dungeon Crawl Stone Soup version 0.28.0-45-g0d030f2227 (console) character file.

Game seed: 11236421137479618394

99 Zeor the Poker (level 4, -1/25 HPs)
             Began as a Tengu Monk on Apr 3, 2022.
             Killed from afar by Natasha (2 damage)
             ... with a magic dart
             ... on level 3 of the Dungeon.
             The game lasted 00:06:52 (2481 turns).

Zeor the Poker (Tengu Monk)                         Turns: 2481, Time: 00:06:52

Health: -1/25      AC:  3    Str: 11    XL:     4   Next: 72%
Magic:  5/5        EV: 14    Int: 10    God:
Gold:   127        SH:  0    Dex: 19    Spells: 3/3 levels left

rFire   + . .      SeeInvis .   a - +0 spear
rCold   + . .      Faith    .   (no shield)
rNeg    . . .      Spirit   .   h - +1 robe {rF+}
rPois   .          Reflect  .   (helmet restricted)
rElec   .          Harm     .   (no cloak)
rCorr   .          Rampage  .   (no gloves)
Will    .....      Clarity  +   (boots unavailable)
Stlth   ++........              (no amulet)
HPRegen 0.08/turn               g - ring of protection from cold
MPRegen 0.09/turn               (no ring)

@: no status effects
A: beak, talons 3, clarity, frail 1
a: no special abilities


You were on level 3 of the Dungeon.
You visited 1 branch of the dungeon, and saw 3 of its levels.

You collected 127 gold pieces.

Inventory:

Hand Weapons
 a - a +0 spear (weapon)
Missiles
 f - 56 bolts
Armour
 b - a +0 robe
 h - a +1 robe of fire resistance (worn)
Jewellery
 g - a ring of protection from cold (left hand)
Potions
 c - a potion of brilliance {unknown}
 d - 2 potions of mutation
 e - 2 potions of attraction {unknown}
 i - 2 potions of heal wounds {unknown}
 j - a potion of curing {unknown}
 k - a potion of flight {unknown}


   Skills:
 + Level 3.4 Fighting
 * Level 4.8 Polearms
 + Level 3.7 Dodging
 + Level 2.7 Stealth


You had 3 spell levels left.
You didn't know any spells.
Your spell library was empty.

Dungeon Overview and Level Annotations

Branches:
Dungeon (3/15)

Altars:

Annotations:
D:3 Natasha


Innate Abilities, Weirdness & Mutations

You have a beak for a mouth.
You have claws for feet.
You possess an exceptional clarity of mind.
You are frail. (-10% HP)


Message History

You reach to attack!
You hit the dart slug.
The dart slug is moderately wounded.
You hit the dart slug. You claw the dart slug. You peck the dart slug.
The dart slug is almost dead.
You hit the dart slug.
You kill the dart slug!
No target in view!
You see here a dart slug corpse.
Found a stone staircase leading down.
There is a stone staircase leading down here.
Found a stone staircase leading up.
There is a stone staircase leading up here.
k - an emerald potion
There are no items here.
You aren't carrying any scrolls.
Natasha, Servant of Life and Death comes into view.
Natasha hisses angrily.
Natasha casts a spell at you. The magic dart hits you! Natasha claws you!
You are too injured to fight recklessly!
You are too injured to fight recklessly!
You barely miss Natasha. You claw Natasha. Your peck misses Natasha.
Natasha is lightly wounded.
You hit Natasha. Your kick misses Natasha. Your peck misses Natasha.
Natasha is moderately wounded.
Natasha claws you.
* * * LOW HITPOINT WARNING * * *
You hit Natasha but do no damage. You claw Natasha.
Natasha is heavily wounded.
Natasha claws you!
* * * LOW HITPOINT WARNING * * *
You hit Natasha. Your kick misses Natasha.
Natasha is severely wounded.
Natasha mumbles some strange words.
It was a potion of mutation.
You feel extremely strange.
Your thoughts seem clearer.
You feel frail.
Natasha stares at you and mumbles some strange words.
The magic dart hits you.
You die...

▒∙▒∙▒ ▒∙▒ ∙∙∙∙∙∙▒
▒∙▒ ▒∙∙∙∙∙▒▒▒∙▒
▒∙∙ ∙∙∙∙▒∙▒ ▒∙∙
∙∙▒∙▒∙▒ ▒∙▒
▒∙▒∙▒∙▒ ▒▒▒▒▒▒▒∙▒
▒∙▒∙▒∙▒ ∙∙∙∙∙∙∙h▒
▒∙▒∙▒∙▒
▒▒▒▒Q▒▒▒∙∙∙∙∙▒
▒∙∙∙∙5∙∙▒▒∙∙∙▒
▒∙▒▒∙▒▒∙▒▒∙∙∙▒
∙▒▒∙▒▒∙▒▒∙▒▒∙∙∙▒
∙∙∙∙∙∙∙∙∙∙∙∙∙∙∙∙▒
∙∙▒∙∙▒▒∙▒▒∙▒▒▒∙∙▒


∙∙∙∙ ∙∙∙∙∙∙∙∙∙∙∙▒ ▒∙▒∙∙∙∙∙∙∙∙∙∙∙∙∙▒ ∙∙∙∙∙∙∙∙▒▒▒▒▒▒▒▒ You could see Natasha and a
white imp (summoned).

Vanquished Creatures
  Jessica (D:2)
  A worm (D:2)
  3 dart slugs
  5 orcs (D:3)
  5 bats (D:1)
  5 endoplasms
  3 giant cockroaches
  5 goblins
  9 hobgoblins
  A quokka (D:1)
  5 ball pythons
  2 frilled lizards
  3 kobolds
  5 rats
53 creatures vanquished.

Notes
Turn   | Place    | Note
-------+----------+-------------------------------------------
     0 | D:1      | Zeor the Tengu Monk began the quest for the Orb.
     0 | D:1      | Reached XP level 1. HP: 14/14 MP: 2/2
   187 | D:1      | Reached XP level 2. HP: 18/19 MP: 3/3
   257 | D:1      | Reached skill level 4 in Polearms
   257 | D:1      | Reached XP level 3. HP: 8/23 MP: 4/4
   621 | D:1      | Found a faded altar of an unknown god.
  1276 | D:2      | Noticed Jessica
  1284 | D:2      | Killed Jessica
  1285 | D:2      | Reached XP level 4. HP: 9/28 MP: 5/5
  2472 | D:3      | Noticed Natasha
  2479 | D:3      | HP: 1/28 [Natasha (7)]
  2481 | D:3      | Gained mutation: You possess an exceptional clarity of
                  | mind. [potion of mutation]
  2481 | D:3      | Gained mutation: You are frail. (-10% HP) [potion of
                  | mutation]
  2481 | D:3      | Killed from afar by Natasha

Illustrated notes

Levels and vault maps discovered:
D:1:      heliophobic_arrival_battle_scene, layout_loops_ring,
          basic_ecumenical_altar
D:2:      layout_loops_corners, uniq_jessica
D:3:      layout_loops_ring, feat_on_display, uniq_sigmund, uniq_natasha

Skill      XL: |  1  2 |
---------------+-------+-----
Polearms       | 4 |  4.8
Fighting       | |  3.4
Dodging        | |  3.7
Stealth        | |  2.7

Action                   |  1- 3 |  4- 6 || total
-------------------------+-------+-------++-------
Melee: Spear             |    88 |    39 ||   127
       Kick              |    18 |    11 ||    29
       Peck              |    10 |     4 ||    14
  Use: Potion            |       |     1 ||     1
 Stab: Sleeping          |     7 |     5 ||    12
Armor: Robe              |     8 |       ||     8
Dodge: Dodged            |    45 |     6 ||    51
